AoeStats
← YO MAMA

Arabian Desert

510745643Analyzed
1v1 RM · 12h ago on Oct 2, 2026· 22m 15s· 2 players
Game mode
Random Map
Map size
Tiny (2 player)
Population
200
Speed
Normal
Resources
Standard
Victory
Conquest
Starting age
Dark Age
Ending age
Imperial Age
RankedLock teamsTeams togetherTeam positionsShared explorationLock speedFull tech treeHidden civsTurbo modeCheats
Victory
Defeat
🇨🇿 Tatars · Czechia
1466
+16
🇷🇺 Italians · Russia
1462
-16
Babuleh
8:07 Feudal Age
7:33 Loom
9:40 Double-Bit Axe
19:46 Castle Age
18:37 Horse Collar
18:49 Gold Mining
20:21 Fletching
20:07 Crossbowman
22:18 Scale Barding Armor
YO MAMA
6:52 Loom
9:20 Feudal Age
18:39 Castle Age
17:33 Double-Bit Axe
18:49 Fletching
19:16 Horse Collar
19:56 Bloodlines
19:47 Husbandry
20:52 Bodkin Arrow
Connection lost

Rejoining the realm…

Still unreachable

The connection could not be restored.

Session expired

The server has moved on; the page needs a fresh start.